 Dungeon Crawl Stone Soup version 0.18.1-8-gdd0e5ea (webtiles) character file.

16862947 xeno23 the Englaciator (level 27, 248/248 (249) HPs)
             Began as a Merfolk Ice Elementalist on May 19, 2016.
             Was the Champion of Ashenzari.
             Escaped with the Orb
             ... and 15 runes on May 22, 2016!
             The game lasted 13:29:45 (92373 turns).

xeno23 the Englaciator (Merfolk Ice Elementalist)  Turns: 92373, Time: 13:29:46

HP:   248/248 (249) AC: 16    Str: 17    XL:     27
MP:   58/65         EV: 32    Int: 28    God:    Ashenzari [******]
Gold: 13192         SH:  0    Dex: 18    Spells: 16 memorised, 5 levels left

rFire  + . .     SeeInvis +     N - +9 glaive (chaos) (curse)
rCold  + + +     Gourm    .     r - +4 moon troll leather armour {Spirit, Regen++ MP+5} (curse)
rNeg   + . .     Faith    .     (shield currently unavailable)
rPois  +         Spirit   +     C - +2 helmet {Int+3} (curse)
rElec  .         Dismiss  .     d - +2 cloak {+Inv} (curse)
rCorr  .         Reflect  .     H - +2 pair of gloves {Dex+3} (curse)
SustAt .         Harm     .     V - +0 pair of boots of Space {rF+ MP+9 SInv} (curse)
MR     +++..     Clarity  +     c - amulet of Buhuxtig {RegenMP *Drain Str+7} (curse)
Stlth  ++........               Q - ring of ice (curse)
                                U - ring of Ditueh {rF+ rN+} (curse)

@: deflect missiles, extremely resistant to hostile enchantments, unstealthy
A: change form in water, swift swim, clarity, cold resistance 2, deformed body,
magic resistance 1, poison resistance
a: Curse Item, Scrying, Transfer Knowledge, Renounce Religion, Evoke
Invisibility
0: Orb of Zot
}: 15/15 runes: decaying, serpentine, slimy, silver, golden, iron, obsidian,
icy, bone, abyssal, demonic, glowing, magical, fiery, dark


You escaped.
You worshipped Ashenzari.
Ashenzari was exalted by your worship.
You were not hungry.

You visited 17 branches of the dungeon, and saw 92 of its levels.
You visited Pandemonium 3 times, and saw 24 of its levels.
You visited the Abyss 1 time.
You visited 2 ziggurats, and saw 24 of their levels (deepest: 18).
You also visited: Ossuary, Ice Cave and Wizlab.

You collected 16306 gold pieces.
You spent 3114 gold pieces at shops.

Inventory:

Hand Weapons
 N - a cursed +9 glaive of chaos (weapon)
Missiles
 k - 8 throwing nets (quivered)
Armour
 d - a cursed +2 cloak of invisibility (worn)
 r - the cursed +4 moon troll leather armour (worn) {Spirit, Regen++ MP+5}
   (You took it off a deep elf high priest on level 5 of the Vaults)

   It affects your magic capacity (+5).
   It increases your rate of regeneration.
   It has a curse placed upon it.
 C - a cursed +2 helmet of intelligence (worn)
 H - a cursed +2 pair of gloves of dexterity (worn)
 V - the cursed +0 pair of boots of Space (worn) {rF+ MP+9 SInv}
   (You found it on level 12 of the Dungeon)

   It protects you from fire.
   It affects your magic capacity (+9).
   It lets you see invisible.
   It has a curse placed upon it.
Jewellery
 c - the cursed amulet of Buhuxtig (around neck) {RegenMP *Drain Str+7}
   (You found it on level 13 of a ziggurat)

   [amulet of magic regeneration]

   It increases your magic regeneration.
   It affects your strength (+7).
   It causes draining when unequipped.
   It has a curse placed upon it.
 Q - a cursed ring of ice (right hand)
 U - the cursed ring of Ditueh (left hand) {rF+ rN+}
   (You found it on level 3 of the Elven Halls)

   [ring of protection from fire]

   It protects you from fire.
   It protects you from negative energy.
   It has a curse placed upon it.
Wands
 g - a wand of digging (10/24)
 p - a wand of disintegration (10/24)
 w - a wand of heal wounds (7/9)
 K - a wand of hasting (4/9)
 W - a wand of teleportation (5/9)
Scrolls
 a - 5 scrolls of amnesia
 h - 7 scrolls of remove curse
 j - 11 scrolls of recharging
 u - 10 scrolls of fog
 v - 14 scrolls of teleportation
 x - 11 scrolls of enchant weapon
 y - 11 scrolls of enchant armour
 z - 6 scrolls of blinking
 D - 40 scrolls of identify
 G - 8 scrolls of fear
 R - 2 scrolls of summoning
Potions
 e - 12 potions of haste
 f - 7 potions of invisibility
 i - 27 potions of curing
 l - 19 potions of flight
 t - 8 potions of cancellation
 E - 13 potions of brilliance
 F - 2 potions of ambrosia
 I - a potion of magic
 J - 9 potions of agility
 L - 15 potions of heal wounds
 M - 12 potions of cure mutation
 P - 8 potions of resistance
 S - 12 potions of might
Books
 b - a book of Alchemy

   Spells                             Type                      Level
   a - Sublimation of Blood           Necromancy                   2
   b - Ignite Poison                  Fire/Transmutation/Poison    3
   c - Petrify                        Transmutation/Earth          4
   d - Alistair's Intoxication        Transmutation/Poison         5
   e - Irradiate                      Conjuration/Transmutation    5
Miscellaneous
 m - 3 phantom mirrors
 q - a crystal ball of energy
 s - a phial of floods
 O - a box of beasts {used: 4}
 X - a fan of gales
Comestibles
 n - 46 fruits
 B - 34 bread rations


   Skills:
 O Level 27 Fighting
 - Level 14.8(20.0) Polearms
 - Level 21.7(25.1) Dodging
 - Level 8.4(12.8) Stealth
 - Level 24.5 Spellcasting
 + Level 24.7(27) Conjurations
 - Level 9.2(13.6) Charms
 - Level 5.2(9.6) Summonings
 - Level 12.3(16.4) Necromancy
 - Level 2.1(5.5) Translocations
 - Level 19.8(23.3) Transmutations
 O Level 27 Ice Magic
 - Level 4.2(8.4) Air Magic
 - Level 25.2(27) Evocations


You had 5 spell levels left.
You knew the following spells:

 Your Spells              Type           Power        Failure   Level  Hunger
a - Throw Icicle          Conj/Ice       ########     0%          4    None
b - Necromutation         Trmt/Necr      #######...   2%          8    ####...
c - Passwall              Trmt/Erth      #######...   0%          2    None
d - Ozocubu's Armour      Chrm/Ice       ########     0%          3    None
e - Regeneration          Chrm/Necr      #######...   0%          3    None
f - Orb of Destruction    Conj           ########..   1%          7    #......
g - Blink                 Tloc           N/A          1%          2    None
h - Haste                 Chrm           #######.     1%          6    None
j - Aura of Abjuration    Summ           ######....   1%          5    None
k - Summon Butterflies    Summ           ######..     1%          1    None
q - Bolt of Cold          Conj/Ice       ########..   0%          6    None
r - Deflect Missiles      Chrm/Air       #######...   1%          6    None
t - Passage of Golubria   Tloc           N/A          1%          4    None
v - Apportation           Tloc           ######....   1%          1    None
w - Spectral Weapon       Hex/Chrm       ######..     1%          3    None
x - Glaciate              Conj/Ice       ########..   4%          9    ######.


Dungeon Overview and Level Annotations

Branches:
Dungeon (15/15)            Temple (0/1) D:4            Lair (8/8) D:9
  Swamp (4/4) Lair:3        Snake (4/4) Lair:3        Slime (6/6) Lair:8
    Orc (2/2) D:12            Elf (3/3) Orc:2        Vaults (5/5) D:13
  Crypt (3/3) Vaults:3       Tomb (3/3) Crypt:3      Depths (5/5) D:15
   Hell (1/1)                 Dis (7/7) Hell            Geh (7/7) Hell
    Coc (7/7) Hell            Tar (7/7) Hell            Zot (5/5) Depths:5

Altars:
Ashenzari
Elyvilon
Fedhas
Kikubaaqudgha
Makhleb
Nemelex Xobeh
Qazlal
Sif Muna
Trog
Xom
Yredelemnul
The Shining One
Beogh
Jiyva
Lugonu

Shops:
D:6 *   Orc:2 ([!(   Snake:4 [   Vaults:3 [   Vaults:4 [*}}   Depths:4 *[!%

Portals:
Hell: Lair:8 Depths:1 Depths:2 Depths:3 Depths:4 Depths:5
Abyss: Depths:3 Depths:4
Pandemonium: Depths:3

Annotations:
D:8 Moloch's ghost, novice HOFi
Lair:6 Nergalle
Vaults:2 Mennas


Innate Abilities, Weirdness & Mutations

You revert to your normal form in water.
You are very nimble and swift while swimming.
You possess an exceptional clarity of mind.
Your flesh is very cold resistant.
Armour fits poorly on your strangely shaped body.
You are resistant to hostile enchantments.
Your system is resistant to poisons.


Message History

Aiming: Orb of Destruction
Press: ? - help, Shift-Dir - straight line, f - green death
Aim: a green death Your orb of destruction dissipates.
Casting: Orb of Destruction
Confirm with . or Enter, or press ? or * to list all spells.
Aiming: Orb of Destruction
Press: ? - help, Shift-Dir - straight line, f/p - green death
Aim: a green death
Things that are here:
a +0 scale mail; an uncursed club The orb of destruction hits the green death.
You blow up the green death!
Casting: Orb of Destruction
Confirm with . or Enter, or press ? or * to list all spells.
Which direction?
You begin to meditate on the wall.
You continue meditating on the rock. x2
You finish merging with the rock.
There is a staircase leading out of the dungeon here.
You have escaped!

# #.#### # #....# # ####.# # #.#
# #.# # #.# ### # #.# #.### #
#.#######♣.≈P#
#######......)'.@≈P# #
..............#♣.≈P# #
#############.##.################
...............###...............
#########..........####.########)
#.########## #[## ####. #.#
##..####.... #####.# #..§........
#.....# #...........


There were no monsters in sight!

Vanquished Creatures
  Cerebov (Pan)
  Antaeus (Coc:7)
  Asmodeus (Geh:7)
  Ereshkigal (Tar:7)
  Gloorx Vloq (Pan)
  the Royal Jelly (Slime:6)
  Lom Lobon (Pan)
  the Serpent of Hell (Tar:7)
  Mnoleg (Pan)
  A seraph (Pan)
  Dispater (Dis:7)
  5 orbs of fire (Zot:5)
  Khufu (Crypt:2)
  6 ancient liches
  5 juggernauts
  The ghost of manyhoops the Conqueror, a legendary FoFi of Makhleb (Zig:9)
  Sojobo (Crypt:1)
  The ghost of Gekot the Axe Maniac, a legendary GrFi of the Shining One (Zig:15)
  22 greater mummies
  Frederick (Depths:5)
  4 shard shrikes
  Norris (Depths:1)
  Saint Roka (Depths:5)
  7 pandemonium lords
  7 Killer Klowns
  A curse toe (Zot:5)
  A caustic shrike (Zig:17)
  Geryon (Hell)
  A caustic shrike (shapeshifter) (Zig:18)
  Nikola (Elf:1)
  Xtahua (Vaults:2)
  8 golden dragons
  the Enchantress (Depths:4)
  2 pearl dragons (Pan)
  4 bone dragons
  Jory (Vaults:4)
  2 iron giants
  7 Tzitzimimeh
  9 doom hounds
  15 liches
  3 electric golems
  Jorgrun (Swamp:3)
  14 Brimstone Fiends
  12 Hell Sentinels
  23 Ice Fiends
  A Cloud Mage (WizLab)
  Asterion (Vaults:3)
  11 tentacled monstrosities
  8 titans
  23 Orb Guardians
  5 deep elf master archers
  3 deep elf blademasters
  14 acid blobs
  13 quicksilver dragons
  17 Executioners
  An eldritch tentacle (Pan)
  4 death cobs
  4 draconian monks
  14 sphinxes
  5 thorn hunters
  18 shadow dragons
  An azure jelly (shapeshifter) (WizLab)
  A shadow dragon (shapeshifter) (Zig:18)
  Kirke (D:13)
  5 ancient champions
  8 storm dragons
  6 tengu reavers
  2 warmongers (Pan)
  5 revenants
  A storm dragon (shapeshifter) (Depths:5)
  18 greater nagas
  14 azure jellies
  5 deep elf sorcerers (Elf:3)
  9 orc warlords
  16 frost giants
  4 corrupters
  A draconian scorcher (Zot:1)
  17 daevas
  5 draconian knights
  8 fire giants
  A ghost moth (Zig:3)
  10 iron dragons
  29 balrugs
  13 vault wardens
  Donald (Swamp:4)
  14 cacodemons (Pan)
  A frost giant (shapeshifter) (Depths:3)
  24 angels (Pan)
  2 draconian shifters (Zot:4)
  4 draconian zealots
  7 deep elf elementalists
  5 spriggan defenders
  A juggernaut skeleton (Depths:4)
  5 curse skulls
  4 ghouls (Crypt:1)
  9 ironheart preservers
  7 draconian annihilators
  A draconian caller (Zot:4)
  19 very ugly things
  29 reapers
  20 apis (Pan)
  30 stone giants
  13 deep elf demonologists
  15 ophanim (Pan)
  33 war gargoyles
  A starcursed mass (Zig:8)
  4 elemental wellsprings (Coc:7)
  6 vampire knights
  An apis (shapeshifter) (Vaults:5)
  7 lorocyprocas
  5 blood saints
  3 green draconians
  4 black draconians
  7 salamander stormcallers
  6 spark wasps
  6 chaos champions
  10 bennus
  2 red draconians
  9 mottled draconians
  5 black suns (Pan)
  7 yellow draconians
  3 dire elephants
  4 purple draconians
  5 deep elf annihilators
  4 white draconians
  A dire elephant (shapeshifter) (Depths:3)
  A merfolk javelineer (Depths:4)
  15 blizzard demons
  12 deep elf death magi
  11 crystal guardians
  10 death oozes (Slime:6)
  28 mummy priests
  3 eidola
  2 quicksilver dragon zombies
  27 ettins
  10 green deaths
  5 jiangshi
  40 vault guards
  10 entropy weavers
  A minotaur (Zig:15)
  16 yaktaur captains
  13 fire dragons
  20 great orbs of eyes
  13 hydras
  9 deep elf high priests
  26 ice dragons
  A quicksilver dragon skeleton (Geh:7)
  7 monstrous demonspawn
  6 hell beasts
  8 rakshasas
  A ghost crab (Tar:7)
  30 naga warriors
  16 ogre magi
  The ghost of Shtopit the Grappler, a novice TrMo of Okawaru (Lair:2)
  A catoblepas (shapeshifter) (Depths:3)
  9 spriggan air magi
  6 centaur warriors
  7 orc high priests
  8 anacondas
  4 alligators
  Erica (D:10)
  An alligator (shapeshifter) (Depths:3)
  45 dancing weapons
  3 deep troll shamans
  14 hell hogs
  4 death knights
  2 thrashing horrors (Zig:8)
  3 death yaks
  A deep troll earth mage (Depths:4)
  2 titan zombies
  10 tengu warriors
  2 shock serpents (shapeshifter)
  6 vampire magi
  A death yak (shapeshifter) (Pan)
  3 iron giant zombies
  A hellephant zombie (Crypt:2)
  11 spriggan berserkers
  18 naga sharpshooters
  Sonja (D:10)
  27 deep elf knights
  41 sun demons
  6 shock serpents
  18 spriggans
  A storm dragon zombie (Zig:14)
  15 soul eaters
  A fire crab (Vaults:1)
  14 shadow wraiths
  4 fire crabs (shapeshifter)
  37 hell knights
  3 wretched stars
  6 iron golems
  7 iron trolls
  53 skeletal warriors
  8 giant orange brains
  2 golden dragon zombies
  12 cherubim (Pan)
  A death drake (Tar:7)
  2 gelid demonspawn (Pan)
  13 deep trolls
  4 anaconda zombies (Coc:7)
  53 death scarabs
  4 storm dragon skeletons
  5 unseen horrors
  8 infernal demonspawn
  6 salamander mystics
  An unseen horror (shapeshifter) (Vaults:5)
  9 naga ritualists
  17 shadow demons
  A spriggan druid (Swamp:4)
  4 obsidian statues (Depths:3)
  8 torturous demonspawn
  13 swamp dragons
  19 flayed ghosts
  4 shambling mangroves
  A giant orange brain (shapeshifter) (Depths:3)
  18 ironbrand convokers
  4 lindwurms (Swamp:3)
  8 putrid demonspawn
  16 anubis guards
  A hill giant (shapeshifter) (D:13)
  19 deep elf archers
  3 shadow dragon zombies
  16 necromancers
  6 anaconda skeletons
  3 hill giants
  18 orc knights
  10 wizards
  2 iron dragon zombies
  3 wolf spiders
  11 mana vipers
  16 phantasmal warriors
  29 ugly things
  9 griffons
  5 oklob plants
  9 orc sorcerers
  4 frost giant zombies
  7 fire giant zombies
  14 salamanders
  4 wolf spider zombies
  5 hornets
  A wolf spider (shapeshifter) (Vaults:5)
  10 cyclopes
  68 deep elf magi
  2 manticores (D:15)
  2 stone giant zombies
  6 stone giant skeletons
  12 moths of wrath
  5 shadow dragon skeletons
  4 shining eyes
  3 iron dragon skeletons
  A moth of wrath (shapeshifter) (Vaults:4)
  4 elephants (Lair:7)
  60 black mambas
  A sphinx skeleton (Zig:9)
  13 fire giant skeletons
  20 sixfirhies
  15 guardian serpents
  21 naga magi
  An elephant (shapeshifter) (Zig:13)
  20 vault sentinels
  A black mamba (shapeshifter) (D:13)
  18 rust devils
  5 torpor snails
  16 smoke demons
  A torpor snail (shapeshifter) (Depths:3)
  4 frost giant skeletons
  11 molten gargoyles
  4 ice statues
  A spriggan skeleton (Zig:10)
  25 orange demons
  4 rime drakes (Lair:8)
  2 eyes of devastation
  13 spiny frogs
  An eye of devastation (shapeshifter) (Zig:18)
  11 gargoyles
  8 hellions
  A purple draconian zombie (Crypt:1)
  8 efreet
  6 demonic crawlers (Pan)
  13 freezing wraiths
  4 tengu conjurers
  A yellow draconian zombie (Crypt:2)
  15 ice devils
  A purple draconian skeleton (Crypt:1)
  18 tormentors
  8 komodo dragons
  14 hellwings
  An ancient zyme (Zig:8)
  2 elves (Depths:4)
  3 harpy zombies
  A queen bee (shapeshifter) (Vaults:4)
  59 yaktaurs
  A catoblepas skeleton (Coc:7)
  2 trolls (shapeshifter)
  9 trolls
  A merfolk (shapeshifter) (Depths:3)
  5 giant leeches
  A merfolk (D:9)
  A wind drake (shapeshifter) (Vaults:2)
  2 polar bears (shapeshifter)
  5 polar bears
  8 hydra zombies
  45 red devils
  6 raiju
  59 guardian mummies
  3 jumping spiders
  A shadow dragon simulacrum (Vaults:3)
  32 two-headed ogres
  12 wind drakes
  Prince Ribbit (D:5)
  5 bog bodies
  A fire dragon zombie (Coc:7)
  2 harpy skeletons
  61 slime creatures
  A raiju (shapeshifter) (Zig:11)
  31 ushabtiu
  6 boulder beetles
  A hornet zombie (D:15)
  2 hydra skeletons
  2 ettin zombies
  32 blink frogs
  3 snapping turtles (shapeshifter)
  2 slime creatures (shapeshifter) (Depths:3)
  48 air elementals
  2 human simulacra (Vaults:3)
  15 redbacks
  A black mamba zombie (Geh:2)
  A centaur simulacrum (D:15)
  4 alligator zombies
  9 fire dragon skeletons
  A redback (shapeshifter) (Vaults:5)
  A spriggan simulacrum (Depths:2)
  23 wraiths
  13 ynoxinuls
  59 flying skulls
  5 tarantellas
  A fire bat (shapeshifter) (Vaults:5)
  12 shadows
  42 yaks
  2 alligator skeletons
  12 vampires
  4 wyverns
  23 water elementals
  An ice dragon skeleton (Geh:7)
  4 hogs
  A hog (shapeshifter) (Depths:3)
  3 fire bats (Geh:2)
  A black mamba skeleton (Crypt:3)
  A steam dragon (Lair:3)
  14 chaos spawn
  24 fire elementals
  10 hippogriffs
  A golden eye (Zot:5)
  4 basilisks
  25 neqoxecs (Pan)
  7 vampire mosquitoes
  A hungry ghost (D:12)
  11 wargs
  28 large abominations
  3 mottled dragons
  15 swamp worms
  A swamp worm (shapeshifter) (Depths:3)
  28 insubstantial wisps
  82 nagas
  28 hell hounds
  A deep troll zombie (Crypt:2)
  3 spiny frog zombies
  19 water moccasins
  A swamp drake (shapeshifter) (Depths:4)
  A giant eyeball (shapeshifter) (Vaults:5)
  68 orc warriors
  A hydra simulacrum (Hell)
  A merfolk skeleton (Coc:5)
  2 sky beasts
  11 porcupines
  18 swamp drakes
  2 snapping turtle zombies
  An eye of draining (shapeshifter) (Vaults:2)
  22 wasps
  4 ice beasts
  3 phantoms
  6 eyes of draining
  2 spiny frog skeletons
  A ghost crab zombie (Crypt:1)
  14 necrophages
  33 wolves
  6 centaurs
  72 ogres
  5 boggarts
  2 swamp dragon skeletons
  19 crocodiles
  A komodo dragon zombie (Crypt:2)
  A giant frog (shapeshifter) (Vaults:5)
  3 big kobolds
  20 giant frogs
  9 small abominations
  A wyvern skeleton (D:12)
  14 earth elementals
  2 spectral wargs (Depths:4)
  An elf skeleton (Crypt:3)
  2 water moccasin zombies (Ossuary)
  4 spriggan zombies
  3 scorpions
  A water moccasin skeleton (D:10)
  9 killer bees
  A yak zombie (Crypt:2)
  16 wights
  8 electric eels
  2 howler monkeys
  A troll skeleton (Tomb:2)
  23 crimson imps
  A wolf zombie (Crypt:2)
  2 giant frog zombies
  6 centaur zombies
  A human zombie (Tar:1)
  3 jellies (shapeshifter)
  A quasit (Abyss:1)
  2 soldier ant zombies (Crypt:1)
  9 hounds
  24 jellies
  21 orc priests
  30 orc wizards
  3 centaur skeletons
  14 iron imps
  11 worker ants
  8 iguanas
  2 killer bee zombies
  6 sheep
  5 big kobold zombies (Ossuary)
  A tengu zombie (Geh:4)
  A mottled dragon skeleton (Crypt:1)
  82 mummies
  2 worker ant zombies
  13 adders
  2 gnolls
  53 river rats
  9 shadow imps
  10 white imps
  3 ufetubi
  An ooze (D:3)
  5 adder skeletons
  4 adder zombies
  2 worms (D:2)
  4 ball lightnings
  7 dart slugs
  7 giant geckos
  135 orcs
  7 giant cockroaches
  3 gnoll zombies (Ossuary)
  8 goblins
  5 hobgoblins
  12 jackals
  8 quokkas
  6 bats
  A giant gecko skeleton (D:7)
  5 giant newts
  4 hobgoblin zombies (Ossuary)
  A jackal skeleton (D:8)
  2 jackal zombies
  24 kobolds
  4 kobold zombies
  3 orc zombies (Ossuary)
  8 rats
  26 blocks of ice
  A briar patch (Swamp:2)
  2 fire vortices (Pan)
  21 fungi
  2 lost souls (Crypt:3)
  53 plants
  14 spectral weapons
4635 creatures vanquished.

Vanquished Creatures (collateral kills)
  An iron giant (Dis:7)
  A shadow dragon (Tar:7)
  Aizul (Snake:1)
  A war gargoyle (Depths:3)
  A reaper (Tar:7)
  2 crystal guardians (Depths:3)
  Snorg (Lair:8)
  8 hydras
  The ghost of Yermak the Fighter, a journeyman DsFi of Yredelemnul (D:12)
  A rakshasa (Vaults:2)
  A naga warrior (Snake:4)
  The ghost of epen the Slicer, a journeyman DsAs of Dithmenos (Lair:1)
  An alligator (Swamp:2)
  A dancing weapon (Elf:2)
  2 death yaks (IceCv)
  3 soul eaters (Tar:7)
  An iron troll (Depths:4)
  A shadow wraith (Tar:7)
  An anaconda zombie (Coc:7)
  5 skeletal warriors
  A spriggan druid (Swamp:4)
  A shambling mangrove (Swamp:4)
  An orc knight (Orc:2)
  2 hill giants
  An ugly thing (Vaults:4)
  A griffon (Lair:3)
  2 cyclopes
  4 black mambas
  A sixfirhy (Lair:8)
  A frost giant skeleton (Tar:7)
  2 orange demons (Lair:8)
  2 centaur skeletons
  7 spiny frogs
  A rime drake (Lair:6)
  A komodo dragon (Lair:1)
  A tormentor (Tar:7)
  An ice devil (Lair:8)
  3 hellwings
  A troll (D:11)
  A boulder beetle (Lair:5)
  12 polar bears (IceCv)
  2 wind drakes (WizLab)
  3 slime creatures (D:12)
  6 blink frogs
  A bog body (Swamp:1)
  3 flying skulls (Tar:7)
  A basilisk (Lair:2)
  30 yaks
  6 hippogriffs
  A hungry ghost (D:11)
  A neqoxec (Pan)
  A vampire mosquito (D:13)
  A naga (Snake:4)
  2 hell hounds (Lair:8)
  4 water moccasins
  A porcupine (Lair:5)
  8 wolves
  5 crocodiles
  6 wights
  An electric eel (Lair:6)
  An orc priest (D:12)
  A jelly (Slime:5)
  6 sheep (Lair:2)
  14 river rats
  7 orcs
  A fungus (Lair:7)
  A plant (Lair:1)
196 creatures vanquished.

Vanquished Creatures (others)
  A caustic shrike (Zig:17)
  An eldritch tentacle (Geh:7)
  A tengu reaver (Vaults:5)
  A vault warden (Vaults:5)
  A deep elf sorcerer (Elf:3)
  A war gargoyle (Dis:7)
  2 elemental wellsprings (Coc:7)
  An apis (Pan)
  A purple draconian (Depths:5)
  A white draconian (Depths:5)
  A deep elf high priest (Vaults:5)
  An ice dragon (Zot:5)
  A monstrous demonspawn (Pan)
  A hell hog (Geh:7)
  2 soul eaters (Pan)
  A wizard (Pan)
  11 death scarabs
  A cherub (Pan)
  2 gelid demonspawn (Pan)
  A shadow dragon zombie (Geh:7)
  A deep elf mage (Elf:1)
  A fire giant skeleton (Crypt:3)
  A frost giant skeleton (Tomb:2)
  2 smoke demons (Pan)
  An ice devil (Pan)
  A ghost moth simulacrum (Tomb:3)
  A hellwing (Pan)
  A hydra zombie (Hell)
  A guardian mummy (Tomb:2)
  7 flying skulls
  A shadow (Tar:7)
  2 air elementals
  A wraith (Crypt:1)
  An ettin skeleton (Zig:7)
  A human (D:13)
  A swamp worm (Swamp:1)
  2 nagas (Snake:4)
  An ogre (Vaults:2)
  A boggart (Depths:4)
  A water moccasin zombie (Ossuary)
  An orc priest (D:5)
  An iron imp (Dis:7)
  A gnoll (D:5)
  A white imp (Zot:5)
  17 ball lightnings
  4 orcs
  A gnoll zombie (Ossuary)
  A hobgoblin zombie (Ossuary)
  A kobold zombie (Ossuary)
  381 blocks of ice
  148 eldritch tentacle segments
  20 fungi
  2 lost souls (Crypt:3)
  14 plants
  110 spectral weapons
  14 toadstools (Lair:7)
  A withered plant (Depths:4)
780 creatures vanquished.

Grand Total: 5611 creatures vanquished

Notes
Turn   | Place    | Note
--------------------------------------------------------------
     0 | D:1      | xeno23 the Merfolk Ice Elementalist began the quest for the Orb.
     0 | D:1      | Reached XP level 1. HP: 13/13 MP: 3/3
   150 | D:1      | Reached XP level 2. HP: 19/19 MP: 0/5
   626 | D:1      | Reached XP level 3. HP: 25/25 MP: 1/6
   955 | D:1      | Learned a level 2 spell: Throw Frost
   959 | D:1      | Learned a level 3 spell: Ozocubu's Armour
  1370 | D:2      | Reached XP level 4. HP: 26/31 MP: 4/7
  1571 | D:2      | Reached skill level 1 in Fighting
  2108 | D:3      | Reached XP level 5. HP: 32/37 MP: 1/9
  2203 | D:3      | Reached skill level 1 in Charms
  2365 | D:3      | Reached skill level 1 in Conjurations
  2365 | D:3      | Reached XP level 6. HP: 26/44 MP: 0/10
  2526 | D:3      | Learned a level 4 spell: Throw Icicle
  2737 | D:3      | Found a white marble altar of Elyvilon.
  2737 | D:3      | Found a shattered altar of Ashenzari.
  2742 | D:3      | Became a worshipper of Ashenzari the Shackled
  3040 | D:4      | Found a staircase to the Ecumenical Temple.
  3054 | D:4      | Reached skill level 5 in Ice Magic
  3557 | D:4      | Reached * piety under Ashenzari
  3628 | D:5      | Entered Level 5 of the Dungeon
  3634 | D:5      | Noticed an ice beast
  3717 | D:5      | Noticed Prince Ribbit
  4014 | D:5      | Found a shimmering altar of Xom.
  4045 | D:5      | Noticed a phantom
  4049 | D:6      | Reached XP level 7. HP: 46/51 MP: 8/11
  4053 | D:6      | Found Initezao's Elemental Accessories.
  4170 | D:6      | Found a sand-covered staircase.
  4222 | Ossuary  | Entered an ossuary
  4829 | Ossuary  | Reached skill level 5 in Dodging
  5566 | D:6      | Identified the +6 spear "Ethruezem" {holy, MR+ Int+3}
  5642 | D:5      | Reached XP level 8. HP: 58/58 MP: 8/13
  5888 | D:5      | Killed Prince Ribbit
  6585 | D:6      | Gained mutation: You are frail (-10% HP). [potion of mutation]
  6585 | D:6      | Gained mutation: Your flesh is cold resistant. [potion of mutation]
  6585 | D:6      | Gained mutation: You are agile. (Dex +2) [potion of mutation]
  6586 | D:6      | Gained mutation: Your system is resistant to poisons. [potion of mutation]
  6586 | D:6      | Gained mutation: Armour fits poorly on your strangely shaped body. [potion of mutation]
  6586 | D:6      | Gained mutation: You are resistant to hostile enchantments. [potion of mutation]
  6587 | D:6      | Gained mutation: You are highly resistant to hostile enchantments. [potion of mutation]
  6587 | D:6      | Lost mutation: You are frail (-10% HP). [potion of mutation]
  6799 | D:7      | Learned a level 4 spell: Summon Ice Beast
  6968 | D:7      | Reached skill level 1 in Polearms
  6968 | D:7      | Reached skill level 5 in Conjurations
  6998 | D:7      | Reached XP level 9. HP: 35/64 MP: 7/14
  7058 | D:7      | Found a deep blue altar of Sif Muna.
  7063 | D:7      | Reached ** piety under Ashenzari
  7097 | D:7      | Identified Sif Muna's Grimoire of Summoning
  7563 | D:8      | Noticed Moloch's ghost (novice HOFi)
  8264 | D:8      | Reached skill level 5 in Polearms
  9527 | D:9      | Reached XP level 10. HP: 73/73 MP: 4/16
  9632 | D:9      | Reached skill level 5 in Fighting
 10483 | D:9      | Reached skill level 5 in Spellcasting
 10540 | D:9      | Found a staircase to the Lair.
 11389 | Lair:1   | Entered Level 1 of the Lair of Beasts
 11389 | Lair:1   | Noticed a spiny frog
 11397 | Lair:1   | Killed a spiny frog
 11414 | Lair:1   | Noticed a griffon
 11414 | Lair:1   | Noticed epen's ghost (journeyman DsAs)
 11734 | Lair:1   | Killed epen's ghost
 11734 | Lair:1   | Reached skill level 10 in Ice Magic
 11820 | Lair:1   | Reached skill level 1 in Summonings
 11987 | Lair:1   | Noticed a spiny frog
 12107 | Lair:1   | Killed a spiny frog
 12376 | Lair:1   | Reached XP level 11. HP: 81/81 MP: 6/18
 12451 | Lair:1   | Reached skill level 5 in Summonings
 13684 | Lair:2   | Noticed Shtopit's ghost (novice TrMo)
 14032 | Lair:3   | Found a staircase to the Snake Pit.
 14040 | Lair:3   | Reached *** piety under Ashenzari
 14225 | Lair:3   | Noticed a griffon
 14308 | Lair:3   | Killed a griffon
 14453 | Lair:3   | Noticed a five-headed hydra
 14466 | Lair:3   | Killed a five-headed hydra
 14656 | Lair:3   | Found a staircase to the Swamp.
 14694 | Lair:3   | Noticed Nergalle
 14717 | Lair:3   | Noticed a seven-headed hydra
 14737 | Lair:3   | Reached skill level 1 in Evocations
 14855 | Lair:4   | Found a frozen archway.
 14864 | Lair:4   | Noticed a seven-headed hydra
 14975 | IceCv    | Entered an ice cave
 15713 | IceCv    | Reached XP level 12. HP: 80/89 MP: 13/21
 16067 | IceCv    | Reached skill level 10 in Polearms
 16122 | IceCv    | Noticed a death yak
 16166 | IceCv    | Killed a death yak
 17440 | IceCv    | Noticed a death yak
 17440 | IceCv    | Noticed a frost giant
 17440 | IceCv    | Noticed a death yak
 17629 | IceCv    | Killed a death yak
 17656 | IceCv    | Killed a death yak
 18461 | Lair:4   | Killed a seven-headed hydra
 18588 | Lair:4   | Learned a level 6 spell: Ozocubu's Refrigeration
 18910 | Lair:4   | Reached skill level 10 in Dodging
 18928 | Lair:4   | Identified the Collected Works on Dusty Shape Shifting (You found it on level 4 of the Lair of Beasts)
 19493 | Lair:5   | Reached XP level 13. HP: 82/98 MP: 10/23
 19614 | Lair:5   | Identified a scroll of acquirement
 21500 | Lair:6   | Learned a level 6 spell: Bolt of Cold
 21872 | Lair:8   | Entered Level 8 of the Lair of Beasts
 21872 | Lair:8   | Found a staircase to the Slime Pits.
 21872 | Lair:8   | Found a viscous altar of Jiyva.
 22187 | Lair:8   | Reached **** piety under Ashenzari
 22590 | Lair:8   | Reached skill level 5 in Evocations
 22726 | Lair:8   | Noticed a dire elephant
 22740 | Lair:8   | Killed a dire elephant
 22801 | Lair:8   | Reached XP level 14. HP: 101/108 MP: 25/25
 22827 | Lair:8   | Found a burning altar of Makhleb.
 22849 | Lair:8   | Noticed Snorg
 23346 | Lair:8   | Killed Snorg
 24019 | Lair:8   | Found a gateway to Hell.
 24949 | Lair:7   | Found a blossoming altar of Fedhas.
 26187 | Lair:2   | Reached skill level 10 in Fighting
 26590 | Lair:2   | Killed Shtopit's ghost
 26941 | D:10     | Entered Level 10 of the Dungeon
 26944 | D:10     | Reached ***** piety under Ashenzari
 26960 | D:10     | Noticed Erica
 26962 | D:10     | Killed Erica
 27047 | D:10     | Noticed Joseph
 27063 | D:10     | Noticed Joseph
 27063 | D:10     | Joseph changed into Joseph the hog
 27067 | D:10     | Killed Joseph the hog
 27300 | D:10     | Noticed Sonja
 27308 | D:10     | Killed Sonja
 27682 | D:11     | Found a white marble altar of Elyvilon.
 28115 | D:11     | Reached XP level 15. HP: 115/115 MP: 23/27
 28151 | D:11     | Gained mutation: Your flesh is very cold resistant. [potion of beneficial mutation]
 28347 | D:12     | Identified the cursed +0 pair of boots of Space {rF+ MP+9 SInv}
 28465 | D:12     | Found a roughly hewn altar of Beogh.
 28468 | D:12     | Found a staircase to the Orcish Mines.
 29320 | D:12     | Noticed Yermak's ghost (journeyman DsFi)
 29464 | D:12     | Killed Yermak's ghost
 29705 | D:13     | Noticed Kirke
 29712 | D:13     | Killed Kirke
 29733 | D:13     | Found a glowing golden altar of the Shining One.
 29973 | D:13     | Found a gate to the Vaults.
 30099 | D:13     | Found a stormy altar of Qazlal.
 30427 | D:14     | Reached skill level 10 in Spellcasting
 30427 | D:14     | Reached XP level 16. HP: 124/124 MP: 30/30
 30435 | D:14     | Learned a level 6 spell: Freezing Cloud
 30671 | D:14     | Reached ****** piety under Ashenzari
 30998 | D:15     | Entered Level 15 of the Dungeon
 31007 | D:15     | Identified the cursed +1 trident of Ukeggas {flame, rPois MP-9 Dex+6} (You found it on level 4 of the Lair of Beasts)
 31238 | D:15     | Reached skill level 1 in Air Magic
 31875 | D:15     | Found a staircase to the Depths.
 32016 | Orc:1    | Entered Level 1 of the Orcish Mines
 32454 | Orc:2    | Entered Level 2 of the Orcish Mines
 32600 | Orc:2    | Found a roughly hewn altar of Beogh.
 32781 | Orc:2    | Reached XP level 17. HP: 131/131 MP: 31/31
 32879 | Orc:2    | Found Ijothripp's Antique Armour Emporium.
 32881 | Orc:2    | Found Qerieb's Antique Weapon Shoppe.
 32980 | Orc:2    | Found a roughly hewn altar of Beogh.
 33000 | Orc:2    | Bought a shiny helmet for 130 gold pieces
 33065 | Orc:2    | Found a staircase to the Elven Halls.
 33200 | Orc:2    | Found a roughly hewn altar of Beogh.
 33236 | Orc:2    | Found a roughly hewn altar of Beogh.
 33237 | Orc:2    | Found Nooffad's Distillery.
 33255 | Orc:2    | Bought a potion of invisibility for 120 gold pieces
 33255 | Orc:2    | Bought a potion of flight for 45 gold pieces
 33255 | Orc:2    | Bought a potion of heal wounds for 75 gold pieces
 33255 | Orc:2    | Bought a potion of curing for 45 gold pieces
 33255 | Orc:2    | Bought a potion of haste for 150 gold pieces
 33255 | Orc:2    | Bought a potion of resistance for 150 gold pieces
 33255 | Orc:2    | Bought a potion of flight for 45 gold pieces
 33410 | Orc:2    | Found a roughly hewn altar of Beogh.
 33439 | Orc:2    | Found a roughly hewn altar of Beogh.
 33450 | Orc:2    | Found Radoun's Weapon Shop.
 33583 | Orc:2    | Found a roughly hewn altar of Beogh.
 33660 | Orc:2    | Bought a pair of gloves for 130 gold pieces
 34097 | Swamp:1  | Entered Level 1 of the Swamp
 35066 | Swamp:2  | Reached skill level 10 in Conjurations
 35685 | Swamp:3  | Gained mutation: You have a pair of small antennae on your head. [potion of beneficial mutation]
 35688 | Swamp:3  | Noticed Jorgrun
 35702 | Swamp:3  | Killed Jorgrun
 36638 | Swamp:4  | Entered Level 4 of the Swamp
 37052 | Swamp:4  | Noticed Donald
 37068 | Swamp:4  | Killed Donald
 37068 | Swamp:4  | Reached XP level 18. HP: 70/140 MP: 19/33
 37390 | Swamp:4  | Reached skill level 5 in Stealth
 37484 | Swamp:4  | Got a decaying rune of Zot
 37690 | Snake:1  | Entered Level 1 of the Snake Pit
 37874 | Snake:1  | Noticed Aizul
 38177 | Snake:1  | Killed Aizul
 38177 | Snake:1  | Reached skill level 15 in Ice Magic
 38521 | Snake:1  | Reached XP level 19. HP: 144/149 MP: 34/34
 38522 | Snake:1  | Reached XP level 20. HP: 151/156 MP: 36/36
 39784 | Snake:2  | Identified the amulet of Gaiz Deo {Reflect rF+ Str+3 SH+3 SInv} (You took it off a naga warrior on level 2 of the Snake Pit)
 40918 | Snake:4  | Entered Level 4 of the Snake Pit
 41112 | Snake:4  | Identified the +8 chain mail of Fortitude {*Contam rElec Regen+ SInv}
 41129 | Snake:4  | Identified the cursed +1 mace of Jaud Ceamuf {distort, rF+ rN+}
 41219 | Snake:4  | Reached skill level 15 in Dodging
 41275 | Snake:4  | Reached XP level 21. HP: 140/165 MP: 18/38
 42095 | Snake:4  | Got a serpentine rune of Zot
 42260 | Snake:4  | Found Qickiaru's Antique Armour Emporium.
 42434 | Snake:4  | Reached skill level 15 in Fighting
 42434 | Snake:4  | Reached skill level 10 in Evocations
 42727 | Lair:3   | Upgraded the game from 0.18.1-6-gd335043 to 0.18.1-8-gdd0e5ea
 42948 | Elf:1    | Entered Level 1 of the Elven Halls
 43329 | Elf:1    | Noticed Nikola
 43616 | Elf:1    | Learned a level 2 spell: Repel Missiles
 43774 | Elf:1    | Identified the +2 ring mail "Pefoahyd" {-Cast rN++ Dex+2}
 43830 | Elf:1    | Killed Nikola
 44600 | Elf:2    | Found a huge runed gate.
 44602 | Elf:2    | Found a huge runed gate.
 44605 | Elf:2    | Found a huge runed gate.
 44820 | Elf:2    | Reached XP level 22. HP: 177/177 MP: 40/40
 45875 | Elf:3    | Entered Level 3 of the Elven Halls
 45921 | Elf:3    | Found a magical portal.
 45934 | WizLab   | Entered The Chambers of Moudut the Cloud Mage
 47092 | WizLab   | Identified the +3 hand crossbow "Bosomil" {velocity, rF+ MR++}
 47122 | WizLab   | Identified the Guide on Flight
 47129 | WizLab   | Identified the Grimoire of Feathers
 47231 | Elf:3    | Learned a level 2 spell: Swiftness
 47929 | Elf:3    | Reached skill level 15 in Spellcasting
 48392 | Elf:3    | Identified the ring of Ditueh {rF+ rN+}
 48399 | Elf:3    | Identified the +0 robe of the Morning {rN+ MR+ SInv}
 48451 | Elf:3    | Identified the +6 scale mail of Dyspraxia {Str+2}
 48464 | Elf:3    | Identified the Catalogue of Dusty Changing
 48897 | Depths:1 | Entered Level 1 of the Depths
 49137 | Lair:1   | Learned a level 7 spell: Orb of Destruction
 49363 | Depths:1 | Learned a level 3 spell: Regeneration
 49367 | Depths:1 | Learned a level 3 spell: Spectral Weapon
 49492 | Vaults:1 | Entered Level 1 of the Vaults
 49887 | Vaults:1 | Reached XP level 23. HP: 84/186 MP: 36/42
 51267 | Vaults:2 | Learned a level 2 spell: Passwall
 51524 | Vaults:2 | Found a shattered altar of Ashenzari.
 51694 | Vaults:2 | Noticed Xtahua
 51698 | Vaults:2 | Killed Xtahua
 52342 | Vaults:2 | Noticed Mennas
 52519 | Vaults:3 | Noticed Asterion
 52535 | Vaults:3 | Killed Asterion
 52649 | Vaults:3 | Found Jazetau's Armour Shop.
 53522 | Vaults:3 | Found a staircase to the Crypt.
 54090 | Vaults:4 | Found Peisacsa's Gadget Shoppe.
 54150 | Vaults:4 | Reached XP level 24. HP: 175/197 MP: 40/43
 54642 | Vaults:4 | Found Keocoh's Gadget Shoppe.
 54665 | Vaults:4 | Bought a wand of hasting (6/9) for 960 gold pieces
 54683 | Vaults:4 | Identified Plog's Almanac of Spatial Ice
 54687 | Vaults:4 | Learned a level 2 spell: Blink
 54701 | Vaults:4 | Found Muidgh's Assorted Antiques.
 54717 | Vaults:4 | Found Senkien's Armour Shoppe.
 54735 | Vaults:4 | Bought a scroll of recharging for 256 gold pieces
 54735 | Vaults:4 | Bought a scroll of identify for 54 gold pieces
 54790 | Vaults:5 | Entered Level 5 of the Vaults
 54794 | Vaults:5 | Reached skill level 1 in Translocations
 55417 | Vaults:4 | Noticed Jory
 55434 | Vaults:4 | Killed Jory
 55917 | Vaults:5 | Reached XP level 25. HP: 115/207 MP: 13/44
 56087 | Vaults:5 | Identified the Catalogue of Poisonous Darkness
 56176 | Vaults:5 | Identified the cursed +2 trident of the Jester {pierce, +Inv rElec Str+2} (You took it off a vault guard on level 5 of the Vaults)
 57026 | Vaults:5 | Identified the +9 plate armour of Tob Vint {Str+6 Int+2} (You took it off an orc knight on level 5 of the Vaults)
 57114 | Vaults:5 | Identified the ring "Umilow" {*Tele rF+ MR- Int+4} (You took it off a deep elf death mage on level 5 of the Vaults)
 57416 | Vaults:5 | Identified the +10 spear "Jikoo" {venom, +Inv rPois Int+3 Dex+2} (You took it off an ironheart preserver on level 5 of the Vaults)
 57532 | Vaults:5 | Identified the +2 chain mail of the King {MR+}
 57652 | Vaults:5 | Identified the +0 helmet "Xaetouqu" {rC+}
 57656 | Vaults:5 | Identified the ring "Zamin" {rC+ Str+2}
 57659 | Vaults:5 | Identified Zeula's Collected Works on the Warped Snowflakes
 57662 | Vaults:5 | Learned a level 1 spell: Apportation
 57664 | Vaults:5 | Identified the Catalogue of Blistering Augmentations
 57672 | Vaults:5 | Learned a level 6 spell: Deflect Missiles
 58123 | Vaults:5 | Got a silver rune of Zot
 58153 | Vaults:5 | Learned a level 4 spell: Passage of Golubria
 58298 | Vaults:4 | Bought a phantom mirror for 360 gold pieces
 59212 | Slime:1  | Entered Level 1 of the Pits of Slime
 59369 | Slime:2  | Reached skill level 1 in Transmutations
 59620 | Slime:6  | Entered Level 6 of the Pits of Slime
 59625 | Slime:6  | Reached skill level 1 in Necromancy
 59853 | Slime:6  | Reached XP level 26. HP: 217/217 MP: 44/44
 59856 | Slime:6  | Learned a level 1 spell: Summon Butterflies
 59981 | Slime:6  | Found a viscous altar of Jiyva.
 59981 | Slime:6  | Identified the cursed +1 hand crossbow "Daong" {venom, Int+2 SInv}
 59981 | Slime:6  | Noticed the Royal Jelly
 60049 | Slime:6  | Killed the Royal Jelly
 60180 | Slime:6  | Identified the +8 hand crossbow "Nyc Otzossi" {penet, Str+4}
 60253 | Slime:6  | Got a slimy rune of Zot
 61042 | Depths:1 | Reached skill level 1 in Slings
 61204 | Depths:1 | Noticed Norris
 61225 | Depths:1 | Killed Norris
 61282 | Depths:1 | Reached skill level 5 in Transmutations
 61653 | Depths:1 | Found a sparkling altar of Nemelex Xobeh.
 61893 | Depths:2 | Reached skill level 5 in Slings
 61909 | Depths:2 | Identified the +4 robe "Kocairiz" {Int+4 Dex+5}
 62061 | Depths:2 | Found a gateway to a ziggurat.
 63004 | Depths:2 | Noticed a juggernaut
 63337 | Depths:2 | Killed a juggernaut
 63420 | Depths:2 | Reached skill level 5 in Charms
 63616 | Depths:2 | Reached XP level 27. HP: 211/224 MP: 34/45
 63868 | Depths:3 | Identified the +2 ring mail of Beyond {Str+2}
 64059 | Depths:3 | Identified the +2 long sword of Extremism {freeze, rF++}
 64255 | Depths:3 | Identified the +1 scale mail of Untruth {-Cast Int+10}
 64491 | Depths:3 | Found a one-way gate leading to the halls of Pandemonium.
 64505 | Depths:3 | Found a one-way gate to the infinite horrors of the Abyss.
 64506 | Depths:3 | Identified the +7 hand crossbow of Jelulubb {venom, Str+2 Int+4 Dex-4}
 64563 | Depths:3 | Identified the ring "Dinn" {+Fly rN+ Str+4 Stlth-}
 64778 | Depths:4 | Reached skill level 10 in Slings
 65074 | Depths:4 | Reached skill level 5 in Necromancy
 65103 | Depths:4 | Found Azusash's Miraculous Elixirs.
 65144 | Depths:4 | Found Jack's Jerk-a-riffic Jerky.
 65239 | Depths:4 | Found Plog's Slaves and Accessories.
 65287 | Depths:4 | Bought a wand of hasting (5/9) for 594 gold pieces
 65327 | Depths:4 | Found The Legendary Zoaddyon's Legendary Smithy.
 65356 | Depths:4 | Found a bloodstained altar of Trog.
 65446 | Depths:4 | Found an ancient bone altar of Kikubaaqudgha.
 65477 | Depths:4 | Found a roughly hewn altar of Beogh.
 66701 | Depths:3 | Reached skill level 10 in Transmutations
 67210 | Depths:4 | Found a corrupted altar of Lugonu.
 67294 | Depths:4 | Reached skill level 15 in Conjurations
 67348 | Depths:5 | Entered Level 5 of the Depths
 67375 | Depths:5 | Noticed Frederick
 67387 | Depths:5 | Killed Frederick
 67512 | Depths:5 | Reduced skill Slings to level 10
 67622 | Depths:5 | Found a gate to the Realm of Zot.
 67941 | Depths:5 | Found a shattered altar of Ashenzari.
 68034 | Depths:5 | Noticed Saint Roka
 68056 | Depths:5 | Killed Saint Roka
 68614 | Depths:4 | Noticed the Enchantress
 68620 | Depths:4 | Killed the Enchantress
 68620 | Depths:4 | Identified the +8 faerie dragon armour {Int+5 Dex+4 Stlth-} (You took it off the Enchantress on level 4 of the Depths)
 69039 | Depths:1 | Learned a level 8 spell: Necromutation
 69049 | Depths:1 | Learned a level 5 spell: Aura of Abjuration
 69322 | Crypt:1  | Entered Level 1 of the Crypt
 69587 | Crypt:1  | Found a basalt altar of Yredelemnul.
 69596 | Crypt:1  | Identified the Reference Book on Stolen Souls
 69635 | Crypt:1  | Reduced skill Slings to level 5
 69697 | Crypt:1  | Noticed Sojobo
 69709 | Crypt:1  | Killed Sojobo
 69907 | Crypt:1  | Identified the +3 leather armour "Bonuff" {rElec rF- rCorr MP+9}
 70220 | Crypt:2  | Found an ancient bone altar of Kikubaaqudgha.
 70264 | Crypt:2  | Noticed Khufu
 70296 | Crypt:2  | Killed Khufu
 70773 | Crypt:3  | Entered Level 3 of the Crypt
 71015 | Crypt:3  | Identified the +0 double sword "Lyiler" {flame, rF+ rC++}
 71444 | Crypt:3  | Identified the Reference Book on Sinister Arts
 71655 | Crypt:3  | Reduced skill Slings to level 1
 71668 | Crypt:3  | Found an ancient bone altar of Kikubaaqudgha.
 72158 | Crypt:3  | Found a staircase to the Tomb.
 72209 | Tomb:1   | Entered Level 1 of the Tomb of the Ancients
 72664 | Tomb:1   | Noticed a greater mummy
 72858 | Tomb:1   | Killed a greater mummy
 72890 | Tomb:1   | Killed a greater mummy
 73077 | Tomb:1   | Noticed a greater mummy
 73093 | Tomb:1   | Killed a greater mummy
 73518 | Tomb:2   | Noticed a greater mummy
 73518 | Tomb:2   | Noticed a greater mummy
 73518 | Tomb:2   | Noticed a greater mummy
 73518 | Tomb:2   | Noticed a greater mummy
 73689 | Tomb:2   | Reached skill level 10 in Necromancy
 73745 | Tomb:1   | Killed a greater mummy
 73759 | Tomb:1   | Killed a greater mummy
 74116 | Tomb:2   | Killed a greater mummy
 74121 | Tomb:2   | Killed a greater mummy
 74307 | Tomb:2   | Learned a level 9 spell: Glaciate
 74771 | Tomb:3   | Entered Level 3 of the Tomb of the Ancients
 74780 | Tomb:3   | Reached skill level 15 in Transmutations
 74794 | Tomb:3   | Noticed a greater mummy
 74796 | Tomb:3   | Noticed a greater mummy
 74909 | Tomb:3   | Noticed a greater mummy
 74909 | Tomb:3   | Noticed an ancient lich
 74916 | Tomb:3   | Killed an ancient lich
 74917 | Tomb:3   | Killed a greater mummy
 74917 | Tomb:3   | Killed a greater mummy
 74918 | Tomb:3   | Noticed a greater mummy
 74919 | Tomb:3   | Killed a greater mummy
 74928 | Tomb:3   | Noticed a greater mummy
 75159 | Tomb:3   | Noticed a greater mummy
 75168 | Tomb:3   | Noticed an ancient lich
 75169 | Tomb:3   | Killed a greater mummy
 75169 | Tomb:3   | Killed a greater mummy
 75172 | Tomb:3   | Killed a greater mummy
 75180 | Tomb:3   | Noticed a greater mummy
 75182 | Tomb:3   | Killed an ancient lich
 75205 | Tomb:3   | Killed a greater mummy
 75343 | Tomb:3   | Got a golden rune of Zot
 75532 | Tomb:3   | Identified the Handbook of Unstable Attacks
 75536 | Tomb:3   | Identified Roumifoe's Compendium of Noxious Boosts
 76506 | Zig:1    | Entered Level 1 of a ziggurat
 76524 | Zig:2    | Entered Level 2 of a ziggurat
 76524 | Zig:2    | Identified a +0 pair of boots of running
 76562 | Zig:3    | Entered Level 3 of a ziggurat
 76594 | Zig:4    | Entered Level 4 of a ziggurat
 76742 | Zig:5    | Entered Level 5 of a ziggurat
 76798 | Zig:6    | Entered Level 6 of a ziggurat
 76865 | Zig:6    | Identified the +14 chain mail of Wasted Space {+Blink Regen+ Int+4}
 76877 | Zig:6    | Identified the Guide on the Noxious Blaze
 76931 | Zig:7    | Entered Level 7 of a ziggurat
 76989 | Zig:8    | Entered Level 8 of a ziggurat
 76998 | Zig:8    | Identified the +8 shortbow "Ilehed" {speed, Dex+6}
 77083 | Zig:9    | Entered Level 9 of a ziggurat
 77088 | Zig:9    | Noticed manyhoops's ghost (legendary FoFi)
 77100 | Zig:9    | Noticed a greater mummy
 77102 | Zig:9    | Noticed a greater mummy
 77107 | Zig:9    | Killed manyhoops's ghost
 77107 | Zig:9    | Reduced skill Charms to level 5
 77111 | Zig:9    | Killed a greater mummy
 77112 | Zig:9    | Noticed a greater mummy
 77116 | Zig:9    | Killed a greater mummy
 77130 | Zig:9    | Killed a greater mummy
 77130 | Zig:9    | Reached skill level 10 in Charms
 77150 | Zig:9    | Identified the +4 shortbow "Quoxt" {velocity, Fragile rC+ Str+4 Dex+5}
 77152 | Zig:9    | Identified the ring of Liberalism {Fragile rC+ MR+ Str+3}
 77152 | Zig:9    | Identified the amulet "Mobuqejo" {+Rage rC++}
 77154 | Zig:9    | Identified the +2 robe of Vurhola {rC+ Str+5 Dex+4}
 77220 | Zig:10   | Entered Level 10 of a ziggurat
 77228 | Zig:10   | Noticed a greater mummy
 77229 | Zig:10   | Noticed a greater mummy
 77230 | Zig:10   | Identified the +10 arbalest of the Chain {speed, rPois rN+ Int-3 Dex+4 Stlth-}
 77232 | Zig:10   | Noticed a greater mummy
 77236 | Zig:10   | Killed a greater mummy
 77236 | Zig:10   | Reached skill level 10 in Charms
 77242 | Zig:10   | Killed a greater mummy
 77242 | Zig:10   | Reached skill level 10 in Charms
 77245 | Zig:10   | Killed a greater mummy
 77293 | Zig:11   | Entered Level 11 of a ziggurat
 77316 | Zig:11   | Identified the +3 troll leather armour of the Manifold Songs {rElec rPois Regen+}
 77496 | Zig:12   | Entered Level 12 of a ziggurat
 77516 | Zig:12   | Noticed a juggernaut
 77528 | Zig:12   | Noticed a juggernaut
 77530 | Zig:12   | Killed a juggernaut
 77530 | Zig:12   | Reduced skill Charms to level 10
 77536 | Zig:12   | Killed a juggernaut
 77551 | Zig:12   | Identified the cursed +0 great mace of Hihuotu {crush, Int+3}
 77564 | Zig:12   | Identified the ring "Niletuif" {rCorr +Fly rPois Dex-3 Stlth+}
 77625 | Zig:13   | Entered Level 13 of a ziggurat
 77643 | Zig:13   | Identified the amulet of Buhuxtig {RegenMP *Drain Str+7}
 77644 | Zig:13   | Identified the cursed +0 lajatang "Movozonk" {slice, SInv}
 77644 | Zig:13   | Identified the +6 plate armour of Cieqeeh {Int+2 Dex+4 Stlth+}
 77673 | Zig:13   | Identified the cursed +0 ring mail of Uwyluorr {-Cast Int+3}
 77748 | Zig:14   | Entered Level 14 of a ziggurat
 77765 | Zig:14   | Noticed a greater mummy
 77765 | Zig:14   | Noticed a greater mummy
 77778 | Zig:14   | Killed a greater mummy
 77781 | Zig:14   | Killed a greater mummy
 77804 | Zig:14   | Identified the +0 robe "Afulong" {Str+2}
 77805 | Zig:14   | Identified the cursed +1 plate armour of the Pits of Slime {rPois rF- Str+2}
 77819 | Zig:14   | Gained mutation: You possess an exceptional clarity of mind. [potion of beneficial mutation]
 78075 | Zig:15   | Entered Level 15 of a ziggurat
 78078 | Zig:15   | Noticed Gekot's ghost (legendary GrFi)
 78107 | Zig:15   | Killed Gekot's ghost
 78124 | Zig:15   | Noticed a juggernaut
 78126 | Zig:15   | Identified the +2 ice dragon armour "Geehim" {*Drain rF- rC++ Int+4 SInv}
 78127 | Zig:15   | Noticed a juggernaut
 78128 | Zig:15   | Killed a juggernaut
 78144 | Zig:15   | Killed a juggernaut
 78262 | Zig:15   | Learned a level 6 spell: Haste
 78350 | Zig:16   | Entered Level 16 of a ziggurat
 78517 | Zig:16   | Identified the amulet "Diskio Usud" {RegenMP +Inv SInv}
 78518 | Zig:16   | Identified the +7 short sword "Xuehenass" {pierce, +Fly rC+}
 78569 | Zig:17   | Entered Level 17 of a ziggurat
 78685 | Zig:17   | Identified the +1 long sword "Zofril" {holy, *Rage +Fly Int+3 Dex+3}
 78686 | Zig:17   | Identified the +8 hand axe "Cookie Cutter" {speed, rElec Str+7}
 78686 | Zig:17   | Identified the +5 spear of Drought {flame, +Inv +Fly Str+2}
 78686 | Zig:17   | Identified the +1 plate armour of Infinity {rF+}
 78687 | Zig:17   | Identified the +6 battleaxe "Wooz" {vamp, *Rage Str+4}
 78703 | Zig:17   | Identified the Almanac of Sinister Magic (You found it on level 17 of a ziggurat)
 78709 | Zig:17   | Identified Meniteod's Guide on Feathers
 78719 | Zig:17   | Identified the Compendium of Hexes and Envenoming
 78907 | Zig:18   | Entered Level 18 of a ziggurat
 78925 | Zig:18   | Noticed Vuetishre the pandemonium lord
 78957 | Zig:18   | Noticed Kiubbol the pandemonium lord
 78962 | Zig:18   | Noticed Zeuwinki the pandemonium lord
 78968 | Zig:18   | Reached skill level 1 in Invocations
 78969 | Zig:18   | Noticed Foodagus the pandemonium lord
 78978 | Zig:18   | Noticed Huotusan the pandemonium lord
 78979 | Zig:18   | Noticed Xaqofoyq the pandemonium lord
 78979 | Zig:18   | Noticed Boeteko the pandemonium lord
 78991 | Zig:18   | Identified the amulet "Saharreob" {+Rage rElec rPois MP+9 Int-4}
 78991 | Zig:18   | Identified the ring of Equivalence {Int+5 Dex+4}
 79279 | Pan      | Entered Pandemonium
 79388 | Pan      | Found an exit through the horrors of the Abyss.
 79429 | Pan      | Found a runed door.
 79440 | Pan      | Found a runed door.
 79441 | Pan      | Found a runed door.
 79443 | Pan      | Noticed Potunumm the pandemonium lord
 79447 | Pan      | Killed Potunumm the pandemonium lord
 79453 | Pan      | Found a runed door.
 79460 | Pan      | Identified the +1 robe "Nasye" {MR+}
 79469 | Depths:3 | Escaped Pandemonium
 79471 | Pan      | Entered Pandemonium
 79499 | Pan      | Noticed Viogiun the pandemonium lord
 79608 | Pan      | Found a glowing golden altar of the Shining One.
 79619 | Pan      | Reached skill level 15 in Evocations
 79620 | Pan      | Noticed a seraph
 79627 | Pan      | Killed a seraph
 79644 | Pan      | Identified the +5 halberd of Severance {speed, MP+9 Str-5 Stlth+}
 79661 | Pan      | Identified the +8 falchion "Hoavarus" {antimagic, +Fly MR- Stlth+}
 79662 | Pan      | Identified the +6 whip of Insufficient Pleasure {pain, +Rage Dex+4}
 79677 | Pan      | Got a demonic rune of Zot
 80098 | Pan      | Found a white marble altar of Elyvilon.
 80556 | Pan      | Identified the +1 pair of boots of Disaster {Dex+6}
 80670 | Pan      | Found a glowing silver altar of Zin.
 80962 | Pan      | Identified the +0 great sword "Qualac" {venom, Dex+7}
 81412 | Pan      | Reduced skill Invocations to level 5
 81535 | Pan      | Noticed Jesusch the pandemonium lord
 81539 | Pan      | Killed Jesusch the pandemonium lord
 81539 | Pan      | Reached skill level 5 in Invocations
 81576 | Pan      | Found an exit through the horrors of the Abyss.
 81674 | Pan      | Found a huge runed gate.
 82106 | Pan      | Found an exit through the horrors of the Abyss.
 82142 | Pan      | Entered the realm of Mnoleg.
 82142 | Pan      | Found an exit through the horrors of the Abyss.
 82360 | Pan      | Noticed Mnoleg
 82374 | Pan      | Killed Mnoleg
 82374 | Pan      | Reduced skill Invocations to level 5
 82428 | Pan      | Got a glowing rune of Zot
 82498 | Pan      | Reduced skill Invocations to level 5
 82543 | Pan      | Reduced skill Invocations to level 1
 82644 | Pan      | Gained mutation: Scrolls take you a little longer to read. [a cacodemon]
 82660 | Pan      | Found an exit through the horrors of the Abyss.
 82795 | Pan      | Noticed Lufrick the pandemonium lord
 83030 | Pan      | Noticed Ajeurraf the pandemonium lord
 83039 | Pan      | Killed Ajeurraf the pandemonium lord
 83064 | Pan      | Identified the +1 robe of Submission {MP-9 Dex+5}
 83193 | Pan      | Noticed Cuutru the pandemonium lord
 83206 | Pan      | Killed Cuutru the pandemonium lord
 83649 | Pan      | Noticed Essepsech the pandemonium lord
 83659 | Pan      | Entered the realm of Cerebov.
 83797 | Pan      | Noticed Cerebov
 84106 | Pan      | Killed Cerebov
 84122 | Pan      | Identified Womaischi's Grimoire of Twisted Calling
 84127 | Pan      | Identified Sif Muna's Disquisition on the Dusty Frostbite
 84131 | Pan      | Learned a level 2 spell: Passwall
 84167 | Pan      | Identified the cursed +0 flail of Plunder {crush, *Confuse rPois Int+2 Dex+7}
 84171 | Pan      | Identified Ilyaku's Catalogue of Glacial Necromancy
 84189 | Pan      | Identified Vehumet's Grimoire of Conjuration
 84207 | Pan      | Identified the Reference Book on Evil Good Luck
 84227 | Pan      | Got a fiery rune of Zot
 84259 | Pan      | Identified the +5 great mace of Uncomfortable Rashes {crush, rElec} (You took it off an efreet in Pandemonium)
 84291 | Pan      | Found an exit through the horrors of the Abyss.
 84404 | Pan      | Noticed Yropror the pandemonium lord
 84410 | Depths:3 | Escaped Pandemonium
 84443 | Depths:3 | Killed Yropror the pandemonium lord
 84482 | Pan      | Entered Pandemonium
 84518 | Pan      | Entered the realm of Gloorx Vloq.
 84806 | Pan      | Noticed Gloorx Vloq
 84977 | Pan      | Killed Gloorx Vloq
 85004 | Pan      | Got a dark rune of Zot
 85087 | Pan      | Entered the realm of Lom Lobon.
 85330 | Pan      | Noticed Lom Lobon
 85360 | Pan      | Killed Lom Lobon
 85373 | Pan      | Got a magical rune of Zot
 85443 | Pan      | Found an exit through the horrors of the Abyss.
 85452 | Pan      | Took an exit into the Abyss.
 85452 | Abyss:1  | Escaped into the Abyss
 85452 | Abyss:1  | Found a corrupted altar of Lugonu.
 85791 | Abyss:3  | Got an abyssal rune of Zot
 85928 | Depths:3 | Escaped the Abyss
 85933 | Depths:3 | Lost mutation: Scrolls take you a little longer to read. [potion of cure mutation]
 85933 | Depths:3 | Lost mutation: You are highly resistant to hostile enchantments. [potion of cure mutation]
 85933 | Depths:3 | Lost mutation: You are agile. (Dex +2) [potion of cure mutation]
 85933 | Depths:3 | Lost mutation: You have a pair of small antennae on your head. [potion of cure mutation]
 86533 | Hell     | Entered the Vestibule of Hell
 86554 | Hell     | Noticed Geryon
 86601 | Hell     | Killed Geryon
 86786 | Hell     | Found a gateway to the freezing wastes of Cocytus.
 86853 | Coc:1    | Entered Level 1 of Cocytus
 87126 | Coc:7    | Entered Level 7 of Cocytus
 87307 | Zig:1    | Entered Level 1 of a ziggurat
 87433 | Zig:2    | Entered Level 2 of a ziggurat
 87455 | Zig:3    | Entered Level 3 of a ziggurat
 87458 | Zig:3    | Identified the amulet "Onoor" {+Rage rF+ rN+++ MR+ MP-9}
 87492 | Zig:4    | Entered Level 4 of a ziggurat
 87554 | Zig:5    | Entered Level 5 of a ziggurat
 87586 | Zig:6    | Entered Level 6 of a ziggurat
 87593 | Zig:6    | Identified the +0 chain mail of Qephiw {Str+5}
 87593 | Zig:6    | Noticed Puusogro the pandemonium lord
 87594 | Zig:6    | Identified the +2 plate armour "Ithupn" {rC- Int+4 Dex+4}
 87633 | Zig:6    | Killed Puusogro the pandemonium lord
 87838 | Coc:7    | Noticed Antaeus
 87879 | Coc:7    | Killed Antaeus
 87909 | Coc:7    | Got an icy rune of Zot
 88016 | Hell     | Found a gateway to the Iron City of Dis.
 88025 | Dis:1    | Entered Level 1 of the Iron City of Dis
 88197 | Dis:7    | Entered Level 7 of the Iron City of Dis
 88739 | Dis:7    | Noticed Dispater
 88765 | Dis:7    | Killed Dispater
 88785 | Dis:7    | Identified the +1 scale mail "Tidupa" {*Confuse rElec Dex+7 Stlth+}
 88796 | Dis:7    | Got an iron rune of Zot
 88799 | Dis:7    | Identified Cadikh's Collected Works on Assistive Flight
 88945 | Hell     | Found a gateway to the ashen valley of Gehenna.
 88957 | Geh:1    | Entered Level 1 of Gehenna
 89162 | Geh:7    | Entered Level 7 of Gehenna
 89508 | Geh:7    | Noticed Asmodeus
 89543 | Geh:7    | Killed Asmodeus
 89562 | Geh:7    | Got an obsidian rune of Zot
 89687 | Hell     | Found a gateway to the decaying netherworld of Tartarus.
 89695 | Tar:1    | Entered Level 1 of Tartarus
 90018 | Tar:7    | Entered Level 7 of Tartarus
 90060 | Tar:7    | Noticed an ancient lich
 90061 | Tar:7    | Noticed an ancient lich
 90062 | Tar:7    | Identified the +8 demon trident "Xukkyi" {speed, rC+}
 90062 | Tar:7    | Identified the cursed +0 plate armour of Sahankad {rF- MR+++ Str+4 Int-4}
 90187 | Tar:7    | Noticed an ancient lich
 90187 | Tar:7    | Noticed an ancient lich
 90199 | Tar:7    | Killed an ancient lich
 90203 | Tar:7    | Killed an ancient lich
 90243 | Tar:7    | Noticed the Serpent of Hell
 90257 | Tar:7    | Killed the Serpent of Hell
 90295 | Tar:7    | Noticed Ereshkigal
 90316 | Tar:7    | Killed Ereshkigal
 90376 | Tar:7    | Got a bone rune of Zot
 90913 | Zot:1    | Entered Level 1 of the Realm of Zot
 91104 | Zot:4    | Reached skill level 27 in Ice Magic
 91166 | Zot:5    | Entered Level 5 of the Realm of Zot
 91372 | Zot:5    | Noticed an ancient lich
 91385 | Zot:5    | Noticed an ancient lich
 91386 | Zot:5    | Noticed an orb of fire
 91387 | Zot:5    | Noticed an orb of fire
 91389 | Zot:5    | Killed an ancient lich
 91392 | Zot:5    | Killed an orb of fire
 91394 | Zot:5    | Killed an orb of fire
 91402 | Zot:5    | Noticed an orb of fire
 91409 | Zot:5    | Noticed an ancient lich
 91410 | Zot:5    | Killed an orb of fire
 91434 | Zot:5    | Killed an ancient lich
 91450 | Zot:5    | Reached skill level 27 in Fighting
 91457 | Zot:5    | Noticed an orb of fire
 91464 | Zot:5    | Killed an orb of fire
 91541 | Zot:5    | Got the Orb of Zot
 91594 | Zot:5    | Noticed an orb of fire
 91604 | Zot:5    | Killed an orb of fire
 91612 | Zot:5    | Identified the +1 leather armour of Claustrophobia {MR+ SInv}
 91973 | Depths:1 | Noticed Laecekh the pandemonium lord
 91977 | Depths:1 | Killed Laecekh the pandemonium lord
 92373 | D:$      | Escaped with the Orb!

Skill      XL: |  1  2  3  4  5  6  7  8  9 10 11 12 13 14 15 16 17 18 19 20 21 22 23 24 25 26 27 |
---------------+----------------------------------------------------------------------------------+-----
Dodging        | 3 4 5 6 7 8 10 11 12 13 14 15 16 17 18 19 21 | 21.7
Ice Magic      | 4 5 6 7 8 10 11 12 13 14 15 16 17 18 27 | 27.0
Fighting       | 1 2 3 4 5 6 8 9 10 11 13 14 15 16 17 19 20 27 | 27.0
Stealth        | 3 4 5 8 |  8.4
Charms         | 1 2 5 9 |  9.2
Conjurations   | 1 2 5 6 7 9 10 11 12 13 14 24 | 24.7
Spellcasting   | 3 4 5 6 7 8 10 11 12 13 14 15 16 17 18 24 | 24.5
Polearms       | 1 6 7 9 11 13 14 | 14.8
Summonings     | 4 5 |  5.2
Evocations     | 1 3 5 6 7 8 9 10 11 12 13 25 | 25.2
Air Magic      | 1 3 4 |  4.2
Translocations | 1 2 |  2.1
Transmutations | 2 7 19 | 19.8
Necromancy     | 1 4 12 | 12.3
Slings         | 8 0 |  0.0
Invocations    | 0 |  0.0

Action                   |  1- 3 |  4- 6 |  7- 9 | 10-12 | 13-15 | 16-18 | 19-21 | 22-24 | 25-27 || total
-------------------------+-------+-------+-------+-------+-------+-------+-------+-------+-------++-------
Melee: Dagger            |    56 |   185 |   570 |       |       |       |       |       |       ||   811
       Spear             |       |       |   107 |   688 |       |       |       |       |       ||   795
       Glaive            |       |       |       |    50 |   982 |   776 |   560 |  1345 |  6640 || 10353
       Tailslap          |       |       |       |     7 |    11 |    14 |       |     1 |    21 ||    54
Throw: Throwing net      |       |       |       |       |       |       |       |       |     1 ||     1
 Cast: Freeze            |    44 |   106 |   115 |    71 |     2 |       |       |       |       ||   338
       Throw Frost       |     2 |     8 |    52 |    15 |     2 |     2 |       |       |       ||    81
       Ozocubu's Armour  |       |     3 |    19 |    33 |    56 |    29 |    25 |    53 |   205 ||   423
       Throw Icicle      |       |       |    20 |    51 |    18 |       |    13 |    24 |    23 ||   149
       Summon Ice Beast  |       |       |       |   126 |    95 |    40 |     4 |    36 |    10 ||   311
       Ozocubu's Refrige |       |       |       |     1 |    44 |    33 |    45 |    72 |    50 ||   245
       Freezing Cloud    |       |       |       |       |       |    11 |    41 |    56 |   122 ||   230
       Bolt of Cold      |       |       |       |       |       |    23 |    26 |    51 |   178 ||   278
       Repel Missiles    |       |       |       |       |       |       |     2 |     4 |     1 ||     7
       Spectral Weapon   |       |       |       |       |       |       |       |    37 |   244 ||   281
       Regeneration      |       |       |       |       |       |       |       |    74 |   299 ||   373
       Orb of Destructio |       |       |       |       |       |       |       |     5 |   131 ||   136
       Passwall          |       |       |       |       |       |       |       |     2 |    24 ||    26
       Blink             |       |       |       |       |       |       |       |     3 |    67 ||    70
       Deflect Missiles  |       |       |       |       |       |       |       |       |    33 ||    33
       Glaciate          |       |       |       |       |       |       |       |       |   331 ||   331
       Necromutation     |       |       |       |       |       |       |       |       |    82 ||    82
       Haste             |       |       |       |       |       |       |       |       |    24 ||    24
       Aura of Abjuratio |       |       |       |       |       |       |       |       |    21 ||    21
       Summon Butterflie |       |       |       |       |       |       |       |       |    19 ||    19
       Passage of Golubr |       |       |       |       |       |       |       |       |    17 ||    17
       Apportation       |       |       |       |       |       |       |       |       |     6 ||     6
Invok: Curse Item        |       |       |     1 |     2 |     3 |     1 |     1 |     1 |     5 ||    14
       Scrying           |       |       |       |     1 |       |       |       |       |    10 ||    11
       Transfer Knowledg |       |       |       |       |       |       |       |       |    13 ||    13
 Abil: End Transformatio |       |       |       |       |       |       |       |       |    14 ||    14
       Evoke Invisibilit |       |       |       |       |       |       |       |       |     5 ||     5
       Turn Visible      |       |       |       |       |       |       |       |       |     1 ||     1
Evoke: Wand              |       |       |     2 |    10 |     8 |     1 |       |       |    38 ||    59
       Box of beasts     |       |       |       |       |       |     1 |       |     2 |    16 ||    19
       Phial of floods   |       |       |       |       |       |       |       |     3 |     8 ||    11
       Crystal ball of e |       |       |       |       |       |       |       |       |   384 ||   384
       Fan of gales      |       |       |       |       |       |       |       |       |     6 ||     6
       Phantom mirror    |       |       |       |       |       |       |       |       |     6 ||     6
       Figurine of a zig |       |       |       |       |       |       |       |       |     1 ||     1
  Use: Scroll            |       |    14 |     5 |     9 |    29 |     6 |     1 |     6 |    46 ||   116
       Potion            |       |     2 |     5 |     3 |     3 |     3 |     2 |     1 |    31 ||    50
 Stab: Sleeping          |     6 |     3 |     9 |     4 |    26 |    24 |    16 |    35 |    49 ||   172
       Distracted        |       |     1 |     3 |    10 |    16 |    10 |     2 |    18 |   127 ||   187
       Paralysed         |       |       |       |     2 |     6 |     7 |     4 |     8 |    67 ||    94
       Confused          |       |       |       |       |     4 |     4 |     6 |     7 |    31 ||    52
       Petrifying        |       |       |       |       |     1 |     2 |     8 |     9 |    57 ||    77
       Petrified         |       |       |       |       |       |       |     1 |     2 |    18 ||    21
       Invisible         |       |       |       |       |       |       |       |       |    26 ||    26
  Eat: Chunk             |     2 |     8 |    22 |    40 |    56 |    33 |    21 |    51 |    53 ||   286
       Pizza             |       |     1 |       |     1 |     1 |     1 |     1 |       |     6 ||    11
       Royal jelly       |       |       |     2 |     2 |     4 |     2 |       |     1 |     1 ||    12
       Beef jerky        |       |       |     1 |     4 |     2 |     1 |     1 |     2 |     6 ||    17
       Meat ration       |       |       |       |     1 |       |     1 |     5 |     3 |    11 ||    21
       Fruit             |       |       |       |       |       |     2 |       |     3 |     2 ||     7
       Bread ration      |       |       |       |       |       |       |       |       |    11 ||    11
Armor: Robe              |     2 |       |       |    77 |   191 |    95 |    74 |   178 |   224 ||   841
       Leather armour    |    16 |    47 |   193 |    47 |       |       |       |       |       ||   303
       Skin              |       |     4 |    28 |       |       |       |       |       |       ||    32
       Troll leather arm |       |       |       |       |       |       |       |       |  1240 ||  1240
Dodge: Dodged            |    50 |   159 |   449 |   474 |   804 |   424 |   391 |  1176 |  7249 || 11176
       Deflected         |       |       |       |       |       |       |     4 |    53 |   258 ||   315
Block: Other             |       |       |       |       |    91 |       |       |       |       ||    91
